 Dungeon Crawl Stone Soup version 0.18-a0-1589-g520a787 (webtiles) character file.

302308 Arkorax the Executioner (level 20, -29/258 HPs)
             Began as a Demonspawn Berserker on Mar 19, 2016.
             Was a High Priest of Trog.
             Annihilated by a reaper
             ... wielding a +2 scythe of venom
              (35 damage)
             ... on level 5 of a ziggurat.
             The game lasted 01:21:20 (34486 turns).

Arkorax the Executioner (Demonspawn Berserker)     Turns: 34486, Time: 01:21:21

Health: -29/258    AC: 36    Str: 34    XL:     20   Next: 21%
Magic:  0/20       EV: 10    Int:  9    God:    Trog [*****.]
Gold:   3508       SH:  0    Dex: 20    Spells: 0 memorised, 19 levels left

rFire  . . .     SeeInvis .     J - +7 executioner's axe (chop)
rCold  . . .     Gourm    .     s - +8 plate armour {ponderous}
rNeg   . . .     Faith    .     (shield currently unavailable)
rPois  .         Spirit   +     (helmet unavailable)
rElec  .         Dismiss  .     V - +2 cloak
rCorr  .         Reflect  .     (no gloves)
SustAt .         Harm     .     U - +0 pair of boots of Hopscotch {Dex+4 Stlth+} (curse)
MR     +++..                    Z - amulet of regeneration
Stlth  ..........               p - +6 ring of slaying
                                m - +4 ring of strength

@: mighty, berserking, lethally poisoned (-29 -> -29), regenerating, very quick,
extremely resistant to hostile enchantments, extremely unstealthy
A: horns 3, iridescent scales 3, powered by death 3, strong 1, magic shield
a: Berserk, Trog's Hand, Brothers in Arms, Burn Spellbooks, Renounce Religion
}: 2/15 runes: serpentine, barnacled


You were on level 5 of a ziggurat.
You worshipped Trog.
Trog was extremely pleased with you.
You were full.

You visited 6 branches of the dungeon, and saw 34 of its levels.
You visited the Abyss 1 time.
You visited 1 ziggurat, and saw 5 of its levels.
You also visited: Sewer and Volcano.

You collected 3717 gold pieces.
You spent 209 gold pieces at shops.

Inventory:

Hand Weapons
 J - a +7 executioner's axe of chopping (weapon)
 S - a +2 vampiric battleaxe
Missiles
 u - 10 throwing nets (quivered)
Armour
 s - a +8 plate armour of ponderousness (worn)
 U - the cursed +0 pair of boots of Hopscotch (worn) {Dex+4 Stlth+}
   (You bought it in a shop on level 14 of the Dungeon)

   It affects your dexterity (+4).
   It makes you more stealthy.
   It has a curse placed upon it.
 V - a +2 cloak (worn)
Jewellery
 m - a +4 ring of strength (left hand)
 p - a +6 ring of slaying (right hand)
 w - a +3 ring of protection {unknown}
 E - an uncursed ring of protection from magic
 P - an uncursed amulet of rage
 W - the ring of Zakhuil {Fire rElec rN+ Dex+4 Stlth-}
   (You found it on level 11 of the Dungeon)

   [ring of fire]

   It enhances your fire magic, and weakens your ice magic.
   It affects your dexterity (+4).
   It protects you from fire.
   It makes you vulnerable to cold.
   It insulates you from electricity.
   It protects you from negative energy.
   It makes you less stealthy.
 Z - an amulet of regeneration (around neck)
Wands
 b - a wand of digging (6/24)
 i - a wand of digging (11/24)
 j - a wand of paralysis (9/24)
 k - a wand of digging (6/24)
 K - a wand of teleportation (3/9)
 O - a wand of disintegration (0/24)
 Y - a wand of random effects (26/48)
Scrolls
 d - 8 scrolls of teleportation
 g - 5 scrolls of recharging
 n - 24 scrolls of remove curse
 x - a scroll of fear
 y - 2 scrolls of summoning
 G - 2 scrolls of enchant armour
 H - 4 scrolls of fog
 N - 7 scrolls of identify
 R - a scroll of silence
Potions
 e - 3 potions of haste
 h - 4 potions of might
 l - 3 potions of ambrosia
 q - 14 potions of curing
 r - 2 potions of cure mutation
 t - 9 potions of flight
 v - 4 potions of agility
 z - 3 potions of mutation
 B - 2 potions of cancellation
 C - 4 potions of brilliance
 D - 6 potions of degeneration
 I - 2 potions of resistance
 M - 2 potions of magic
 X - a potion of invisibility
Miscellaneous
 a - a lamp of fire
 f - a sack of spiders
 L - a fan of gales
Comestibles
 c - 6 bread rations
 o - 7 meat rations
 A - 53 fruits
 F - 3 slices of pizza
 Q - 11 beef jerkies
 T - a royal jelly


   Skills:
 - Level 18.7 Fighting
 * Level 22.9 Axes
 - Level 12.4 Armour
 - Level 1.7 Dodging


You had 19 spell levels left.
You didn't know any spells.

Dungeon Overview and Level Annotations

Branches:
Dungeon (15/15)            Temple (0/1) D:7            Lair (8/8) D:10
 Shoals (4/4) Lair:3        Snake (4/4) Lair:6        Slime (0/6) Lair:8
    Orc (2/2) D:12            Elf (0/3) Orc:2        Vaults (0/5) D:13
 Depths (1/5) D:15

Altars:
Cheibriados
Dithmenos
Elyvilon
Fedhas
Gozag
Kikubaaqudgha
Nemelex Xobeh
Qazlal
Ru
Sif Muna
Trog
Vehumet
Yredelemnul
Beogh
Jiyva

Shops:
D:10 =   D:14 *   Orc:2 ?*%!   Snake:1 !   Snake:3 :   Snake:4 %((%[

Portals:
Hell: Depths:1

Annotations:
D:7 4 exclusions
Lair:2 exclusion: oklob plant
Lair:7 exclusion: oklob plant


Innate Abilities, Weirdness & Mutations

You have a pair of large horns on your head.
You are completely covered in iridescent scales (AC +8).
You regenerate a lot of health from kills.
When hurt, damage is shared between your health and your magic reserves.
Your muscles are strong. (Str +2)


Message History

Trog accepts your kill.
You fracture the titan skeleton into splinters!!!
You feel sick.
Cornered, the shard shrike turns to fight!
The reaper hits you from afar with a scythe of venom!
* * * LOW HITPOINT WARNING * * *
You are more poisoned.
The tormentor calls on the powers of darkness!
You feel a surge of unholy energy.
The shard shrike convulses!
You slice the titan skeleton!! You chop the white imp into pieces!!!
You kill the white imp!
Trog accepts your kill.
You feel sick.
The titan skeleton hits you but does no damage.
Unknown command.
You fracture the titan skeleton into splinters!!!!
You destroy the titan skeleton!
You feel sick.
The reaper hits you from afar with a scythe of venom!!!
You die...

▓▓ ▓▓▓▓.▓▓▓▓
▓▓.......▓
▓▓.........
▓..........
▓▓..b.....?∩
▓..∩@22...(>
▓▓.........∩
▓..........
▓▓.........
▓▓.......▓
▓▓▓▓.▓▓▓▓ ▓▓


You could see a shard shrike, a reaper and a tormentor.

Vanquished Creatures
  Sojobo (Depths:1)
  A bone dragon (Abyss:2)
  2 tentacled starspawn
  2 tengu reavers (Depths:1)
  8 greater nagas
  Maud (Lair:7)
  An orc warlord (Orc:2)
  A reaper (Zig:3)
  Nessos (Lair:6)
  A dire elephant (Lair:8)
  5 merfolk impalers
  Erolcha (D:9)
  2 merfolk javelineers (Shoals:4)
  A blizzard demon (Zig:5)
  2 ogre magi (Orc:2)
  5 fire dragons
  A rakshasa (D:12)
  5 great orbs of eyes
  10 naga warriors
  10 hydras
  An ice dragon (D:15)
  2 centaur warriors
  12 anacondas
  6 merfolk aquamancers
  3 merfolk avatars
  An alligator snapping turtle (Shoals:2)
  The ghost of SirMumm the Destroyer, a journeyman HEWz of Okawaru (D:12)
  2 tengu warriors
  3 death yaks (Lair:8)
  2 catoblepae
  3 satyrs
  A thrashing horror (Abyss:2)
  15 shock serpents
  A deep troll shaman (Lair:8)
  13 naga sharpshooters
  2 vampire magi (Zig:3)
  A soul eater (Zig:3)
  A sun demon (Abyss:2)
  An orc high priest (Orc:2)
  Sonja (Orc:2)
  2 wretched stars (Abyss:2)
  A fire crab (Lair:8)
  A hell knight (Volcano)
  6 salamander mystics
  A skeletal warrior (D:10)
  A titan skeleton (Zig:5)
  16 sea snakes
  2 deep trolls (Orc:2)
  A spark wasp zombie (Zig:1)
  An unseen horror (D:12)
  4 naga ritualists
  2 orc knights
  8 hill giants
  5 lindwurms
  21 harpies
  The ghost of SirMumm the Destroyer, a novice HEWz of Okawaru (D:9)
  A wizard (D:15)
  A wolf spider zombie (D:14)
  The ghost of Arkorax the Cleaver, a novice DsBe of Trog (D:7)
  10 mana vipers
  An orc sorcerer (Orc:2)
  A deep elf mage (D:13)
  A wolf spider (D:12)
  12 griffons
  A mana viper (shapeshifter) (D:13)
  14 salamanders
  6 ugly things
  9 manticores
  4 cyclopes
  A worldbinder (Abyss:1)
  2 toenail golems (Volcano)
  13 fauns
  8 elephants
  12 sirens
  41 black mambas
  9 guardian serpents
  3 torpor snails (Lair:5)
  7 centaur zombies
  The ghost of ordcoder the Destroyer, a novice TeCj of Vehumet (D:6)
  2 gargoyles
  8 water nymphs
  23 naga magi
  18 spiny frogs
  3 vault sentinels
  A smoke demon (Abyss:2)
  A molten gargoyle (D:14)
  An eye of devastation (Depths:1)
  2 freezing wraiths
  2 kobold demonologists
  9 komodo dragons
  6 yaktaurs
  2 tengu conjurers
  A yaktaur (shapeshifter) (Abyss:2)
  A tormentor (Zig:4)
  An ice devil (Abyss:2)
  4 rime drakes
  A hellwing (Abyss:2)
  4 polar bears
  19 trolls
  20 merfolk
  A queen bee (shapeshifter) (D:14)
  A wind drake (Shoals:3)
  13 two-headed ogres
  A two-headed ogre (shapeshifter) (D:14)
  A hornet zombie (D:14)
  23 blink frogs
  8 snapping turtles
  7 water elementals
  9 flying skulls
  2 shadows
  2 spriggans
  3 ynoxinuls (Abyss:2)
  4 wraiths
  2 wyverns
  21 starcursed masses
  12 hippogriffs
  42 yaks
  5 large abominations
  A steam dragon (D:10)
  2 chaos spawn
  4 hungry ghosts
  A fire elemental (Volcano)
  2 basilisks
  Menkaure (D:7)
  2 mottled dragons
  7 wargs
  3 insubstantial wisps (Abyss:2)
  46 nagas
  A hell hound (Volcano)
  13 water moccasins
  12 porcupines
  8 small abominations
  Purgy (Sewer)
  2 sky beasts
  25 orc warriors
  2 black bears
  2 eyes of draining
  2 ice beasts
  6 necrophages (D:10)
  4 boggarts (Depths:1)
  A wasp (Lair:4)
  16 wolves
  3 phantoms
  28 ogres
  16 centaurs
  19 crocodiles
  A big kobold (D:9)
  A gnoll sergeant (D:12)
  18 giant frogs
  A wyvern skeleton (D:10)
  5 scorpions
  25 wights
  10 killer bees
  4 electric eels
  4 howler monkeys
  6 crimson imps
  3 giant frog zombies
  A quasit (Abyss:2)
  7 hounds
  9 orc priests
  5 giant frog skeletons
  3 iron imps (Abyss:2)
  3 jellies
  4 centaur skeletons
  Jessica (D:2)
  A gnoll shaman (D:8)
  11 iguanas
  13 orc wizards
  Natasha (thrice) (D:2)
  8 worker ants
  2 killer bee zombies (D:10)
  6 ogre zombies (D:12)
  15 sheep
  A hound zombie (D:10)
  3 hound skeletons (D:10)
  2 worker ant zombies (D:10)
  15 gnolls
  16 adders
  64 river rats
  2 shadow imps
  2 white imps (Zig:5)
  A giant eyeball (Depths:1)
  An ufetubus (Abyss:2)
  3 oozes
  An adder skeleton (D:7)
  An adder zombie (D:9)
  4 worms
  3 dart slugs
  6 giant geckos
  76 orcs
  5 bats
  7 giant cockroaches
  6 hobgoblins
  9 jackals
  4 quokkas
  A ball python (D:2)
  3 giant newts
  12 goblins
  A goblin zombie (D:12)
  A hobgoblin skeleton (D:12)
  2 hobgoblin zombies (D:12)
  A jackal skeleton (D:4)
  17 kobolds
  4 orc skeletons (D:12)
  11 orc zombies (D:12)
  3 quokka skeletons
  10 rats
  7 fungi
  26 plants
  3 starspawn tentacles
1385 creatures vanquished.

Vanquished Creatures (collateral kills)
  Ilsuiw (Shoals:4)
  A merfolk impaler (Shoals:4)
  A merfolk avatar (Shoals:3)
  An alligator snapping turtle (Shoals:4)
  A satyr (Shoals:4)
  A merfolk aquamancer (Shoals:4)
  A sea snake (Shoals:4)
  A skeletal warrior (D:10)
  A hill giant (D:10)
  A manticore (Shoals:4)
  6 fauns (Shoals:4)
  2 cyclopes (Shoals:3)
  A griffon (Shoals:3)
  A siren (Shoals:4)
  A water nymph (Shoals:4)
  A spiny frog (Lair:4)
  A merfolk (Shoals:4)
  2 sheep (Shoals:3)
25 creatures vanquished.

Vanquished Creatures (others)
  A naga mage (Snake:3)
  A black mamba (Snake:4)
  20 fungi
  6 plants
  6 starspawn tentacles
  15 starspawn tentacle segments
49 creatures vanquished.

Grand Total: 1459 creatures vanquished

Notes
Turn   | Place    | Note
--------------------------------------------------------------
     0 | D:1      | Arkorax the Demonspawn Berserker began the quest for the Orb.
     0 | D:1      | Reached XP level 1. HP: 18/18 MP: 1/1
   635 | D:1      | Reached skill level 3 in Axes
   635 | D:1      | Gained mutation: You regenerate a little health from kills. [demonic ancestry]
   635 | D:1      | Reached XP level 2. HP: 9/24 MP: 2/2
   892 | D:1      | Reached XP level 3. HP: 26/29 MP: 3/3
  1009 | D:2      | Noticed Natasha
  1019 | D:2      | Killed Natasha
  1198 | D:2      | Reached ** piety under Trog
  1200 | D:2      | Gained mutation: You have a pair of small horns on your head. [demonic ancestry]
  1200 | D:2      | Reached XP level 4. HP: 37/37 MP: 4/4
  1271 | D:2      | Noticed Jessica
  1276 | D:2      | Killed Jessica
  1276 | D:2      | Reached skill level 4 in Axes
  1387 | D:2      | Found a snail-covered altar of Cheibriados.
  1435 | D:2      | Noticed Natasha
  1447 | D:2      | Killed Natasha
  1447 | D:2      | Reached XP level 5. HP: 23/42 MP: 5/5
  1601 | D:2      | Noticed Natasha
  1608 | D:2      | Killed Natasha
  1858 | D:3      | Reached skill level 5 in Axes
  1887 | D:3      | Reached *** piety under Trog
  2063 | D:3      | Found a radiant altar of Vehumet.
  2063 | D:3      | Found an ancient bone altar of Kikubaaqudgha.
  2077 | D:3      | Found a deep blue altar of Sif Muna.
  2085 | D:3      | Identified Vehumet's Catalogue of Conjuration
  2215 | D:3      | Reached XP level 6. HP: 41/49 MP: 6/6
  2520 | D:4      | Reached skill level 5 in Fighting
  2835 | D:4      | Received a gift from Trog
  2868 | D:4      | Reached skill level 6 in Axes
  2876 | D:4      | Found a glowing drain.
  2897 | Sewer    | Entered a sewer
  3027 | Sewer    | Noticed Purgy
  3040 | Sewer    | Killed Purgy
  3040 | Sewer    | Gained mutation: When hurt, damage is shared between your health and your magic reserves. [demonic ancestry]
  3040 | Sewer    | Reached XP level 7. HP: 55/56 MP: 7/7
  3186 | D:4      | Reached **** piety under Trog
  3568 | D:5      | Entered Level 5 of the Dungeon
  3850 | D:5      | Reached skill level 7 in Axes
  4339 | D:5      | Gained mutation: You have a pair of horns on your head. [demonic ancestry]
  4339 | D:5      | Reached XP level 8. HP: 51/64 MP: 8/8
  4383 | D:6      | Noticed ordcoder's ghost (novice TeCj)
  4398 | D:6      | Killed ordcoder's ghost
  4398 | D:6      | Reached skill level 8 in Axes
  4488 | D:6      | Found a bloodstained altar of Trog.
  4864 | D:6      | Reached skill level 9 in Axes
  5088 | D:7      | Noticed Arkorax's ghost (novice DsBe)
  5097 | D:7      | Killed Arkorax's ghost
  5097 | D:7      | Reached XP level 9. HP: 72/72 MP: 9/9
  5478 | D:7      | Found a staircase to the Ecumenical Temple.
  5490 | D:7      | Noticed Menkaure
  5492 | D:7      | Found a sparkling altar of Nemelex Xobeh.
  5495 | D:7      | Killed Menkaure
  5567 | D:7      | Reached skill level 10 in Axes
  5696 | D:8      | Found an opulent altar of Gozag.
  5739 | D:8      | Found a shadowy altar of Dithmenos.
  5808 | D:8      | Found a white marble altar of Elyvilon.
  6326 | D:9      | Noticed Erolcha
  6332 | D:9      | Killed Erolcha
  6332 | D:9      | Reached skill level 11 in Axes
  6332 | D:9      | Gained mutation: You have a pair of large horns on your head. [demonic ancestry]
  6332 | D:9      | Reached XP level 10. HP: 83/83 MP: 7/10
  6351 | D:9      | Noticed SirMumm's ghost (novice HEWz)
  6387 | D:9      | Killed SirMumm's ghost
  6530 | D:9      | Reached ***** piety under Trog
  6775 | D:9      | Reached skill level 10 in Fighting
  6969 | D:9      | Found a stormy altar of Qazlal.
  7128 | D:10     | Entered Level 10 of the Dungeon
  7169 | D:10     | Noticed a hill giant
  7177 | D:10     | Killed a hill giant
  7258 | D:10     | Got a distressingly furry leather armour
  7269 | D:10     | Identified the +6 leather armour "Nuhaxtay" {rC- rN+ Int+4} (You found it on level 10 of the Dungeon)
  7299 | D:10     | Noticed a skeletal warrior
  7301 | D:10     | Noticed a skeletal warrior
  7309 | D:10     | Reached skill level 12 in Axes
  7311 | D:10     | Gained mutation: You regenerate health from kills. [demonic ancestry]
  7311 | D:10     | Reached XP level 11. HP: 92/92 MP: 9/11
  7314 | D:10     | Found Xigifiyfe's Jewellery Emporium.
  7334 | D:10     | Killed a skeletal warrior
  7342 | D:10     | Noticed a hill giant
  7346 | D:10     | Killed a hill giant
  7357 | D:10     | Killed a skeletal warrior
  7376 | D:10     | Reached skill level 5 in Armour
  7694 | D:10     | Noticed a hill giant
  7703 | D:10     | Killed a hill giant
  7892 | D:10     | Received a gift from Trog
  7920 | D:10     | Found a staircase to the Lair.
  8329 | D:11     | Noticed a four-headed hydra
  8337 | D:11     | Killed a one-headed hydra
  8510 | D:11     | Got a slimy tin ring
  8511 | D:11     | Identified the ring of Zakhuil {Fire rElec rN+ Dex+4 Stlth-} (You found it on level 11 of the Dungeon)
  8603 | D:11     | Reached skill level 13 in Axes
  8750 | D:11     | Found a roughly hewn altar of Beogh.
  8860 | D:11     | Noticed a tengu warrior
  8865 | D:11     | Gained mutation: You are partially covered in iridescent scales (AC +4). [demonic ancestry]
  8865 | D:11     | Reached XP level 12. HP: 101/101 MP: 12/12
  8868 | D:11     | Killed a tengu warrior
  9169 | Lair:1   | Entered Level 1 of the Lair of Beasts
  9202 | Lair:1   | Noticed a seven-headed hydra
  9209 | Lair:1   | Killed a five-headed hydra
  9397 | Lair:1   | Noticed a seven-headed hydra
  9405 | Lair:1   | Killed a five-headed hydra
 10061 | Lair:2   | Found a blossoming altar of Fedhas.
 10243 | Lair:2   | Noticed a four-headed hydra
 10253 | Lair:2   | Killed a one-headed hydra
 11022 | Lair:3   | Received a gift from Trog
 11233 | Lair:3   | Reached skill level 14 in Axes
 11493 | Lair:3   | Found a staircase to the Shoals.
 11862 | Lair:3   | Reached XP level 13. HP: 110/110 MP: 13/13
 12287 | Lair:4   | Reached ****** piety under Trog
 12948 | Lair:5   | Received a gift from Trog
 12959 | Lair:5   | Found a dark tunnel.
 12984 | Volcano  | Entered a volcano
 13405 | Lair:5   | Found a snail-covered altar of Cheibriados.
 13774 | Lair:6   | Reached skill level 15 in Axes
 13806 | Lair:6   | Noticed Nessos
 13830 | Lair:6   | Killed Nessos
 14089 | Lair:6   | Found a staircase to the Snake Pit.
 14476 | Lair:7   | Reached XP level 14. HP: 120/120 MP: 12/14
 14592 | Lair:7   | Noticed Maud
 14608 | Lair:7   | Killed Maud
 14608 | Lair:7   | Reached skill level 15 in Fighting
 14671 | Lair:7   | Received a gift from Trog
 14848 | Lair:7   | Found a sacrificial altar of Ru.
 15396 | Lair:8   | Entered Level 8 of the Lair of Beasts
 15655 | Lair:8   | Received a gift from Trog
 16141 | Lair:8   | Found a viscous altar of Jiyva.
 16141 | Lair:8   | Found a staircase to the Slime Pits.
 16310 | Lair:8   | Reached skill level 16 in Axes
 16410 | Lair:8   | Gained mutation: Your muscles are strong. (Str +2) [potion of beneficial mutation]
 17119 | D:12     | Noticed SirMumm's ghost (journeyman HEWz)
 17289 | D:12     | Killed SirMumm's ghost
 17355 | D:12     | Identified a scroll of acquirement
 17360 | D:12     | Got a spiked chain mail
 17371 | D:12     | Identified the +1 chain mail "Kikel" {rF+ Regen+} (You acquired it on level 12 of the Dungeon)
 17454 | D:12     | Found a staircase to the Orcish Mines.
 17799 | D:12     | Got a shimmering graven amulet
 17801 | D:12     | Identified the amulet "Birerph" {RegenMP -Tele rElec Str+8 Int+2} (You found it on level 12 of the Dungeon)
 18146 | D:13     | Received a gift from Trog
 18353 | D:13     | Reached XP level 15. HP: 130/130 MP: 15/15
 18431 | D:13     | Found a gate to the Vaults.
 18455 | D:13     | Reached skill level 10 in Armour
 18924 | D:14     | Found Lainey's Assorted Antiques.
 18939 | D:14     | Bought a pair of transparent boots for 209 gold pieces
 18951 | D:14     | Identified the cursed +0 pair of boots of Hopscotch {Dex+4 Stlth+} (You bought it in a shop on level 14 of the Dungeon)
 19481 | D:15     | Entered Level 15 of the Dungeon
 19672 | D:15     | Received a gift from Trog
 20648 | D:15     | Found a staircase to the Depths.
 21156 | Orc:1    | Entered Level 1 of the Orcish Mines
 21453 | Orc:2    | Entered Level 2 of the Orcish Mines
 21457 | Orc:2    | Noticed Sonja
 21464 | Orc:2    | Cast into level 1 of the Abyss (Sonja)
 21689 | Abyss:2  | Reached skill level 17 in Axes
 21799 | Abyss:2  | Noticed a bone dragon
 21810 | Abyss:2  | Killed a bone dragon
 22118 | Abyss:2  | Noticed a tentacled starspawn
 22129 | Abyss:2  | Killed a tentacled starspawn
 22131 | Orc:2    | Escaped the Abyss
 22199 | Orc:2    | Killed Sonja
 22259 | Orc:2    | Received a gift from Trog
 22354 | Orc:2    | Found a staircase to the Elven Halls.
 22374 | Orc:2    | Found Subuishu's Magic Scroll Boutique.
 22384 | Orc:2    | Reached XP level 16. HP: 100/140 MP: 11/16
 22463 | Orc:2    | Found Fusown's General Store.
 22472 | Orc:2    | Found Avvituric's Food Shop.
 22473 | Orc:2    | Found Ustrirgh's Distillery.
 23024 | Orc:2    | Found a roughly hewn altar of Beogh.
 23398 | Shoals:1 | Entered Level 1 of the Shoals
 23420 | Shoals:1 | Received a gift from Trog
 24615 | Shoals:2 | Reached skill level 18 in Axes
 25208 | Shoals:3 | Received a gift from Trog
 25519 | Shoals:3 | Gained mutation: You regenerate a lot of health from kills. [demonic ancestry]
 25519 | Shoals:3 | Reached XP level 17. HP: 94/151 MP: 14/17
 26291 | Shoals:4 | Entered Level 4 of the Shoals
 26293 | Shoals:4 | Received a gift from Trog
 26837 | Shoals:4 | Noticed Ilsuiw
 26852 | Shoals:4 | Killed Ilsuiw
 26852 | Shoals:4 | Received a gift from Trog
 26943 | Shoals:4 | Reached skill level 19 in Axes
 27679 | Shoals:4 | Got a barnacled rune of Zot
 28043 | Snake:1  | Entered Level 1 of the Snake Pit
 28727 | Depths:1 | Entered Level 1 of the Depths
 28768 | Depths:1 | Found a gateway to a ziggurat.
 28795 | Depths:1 | Paralysed by a great orb of eyes for 4 turns
 28801 | Depths:1 | Paralysed by a giant eyeball for 4 turns
 28807 | Depths:1 | Paralysed by a giant eyeball for 4 turns
 28864 | Depths:1 | Paralysed by a great orb of eyes for 2 turns
 28913 | Depths:1 | Found a gateway to Hell.
 28935 | Depths:1 | Noticed Sojobo
 28949 | Depths:1 | Received a gift from Trog
 28957 | Depths:1 | Killed Sojobo
 29955 | Snake:1  | Reached skill level 20 in Axes
 30159 | Snake:1  | Found Zeisoom Jod's Distillery.
 30669 | Snake:1  | Reached XP level 18. HP: 153/158 MP: 16/18
 30808 | Snake:2  | Received a gift from Trog
 31081 | Snake:2  | Gained mutation: You are mostly covered in iridescent scales (AC +6). [demonic ancestry]
 31081 | Snake:2  | Reached XP level 19. HP: 157/165 MP: 19/19
 31628 | Snake:3  | Reached skill level 21 in Axes
 31886 | Snake:3  | Found a basalt altar of Yredelemnul.
 32104 | Snake:3  | Received a gift from Trog
 32279 | Snake:3  | Found Kocsy's Book Emporium.
 32607 | Snake:4  | Entered Level 4 of the Snake Pit
 32747 | Snake:4  | Found Biceozxe's Antique Weapon Shoppe.
 32864 | Snake:4  | Found Guveerec's Antique Weapon Boutique.
 32870 | Snake:4  | Found Geazoo's Food Boutique.
 32987 | Snake:4  | Received a gift from Trog
 33077 | Snake:4  | Reached skill level 22 in Axes
 33090 | Snake:4  | Found Fenal's Food Shop.
 33282 | Snake:4  | Found Zudita's Antique Armour Emporium.
 33532 | Snake:4  | Received a gift from Trog
 33570 | Snake:4  | Gained mutation: You are completely covered in iridescent scales (AC +8). [demonic ancestry]
 33570 | Snake:4  | Reached XP level 20. HP: 131/172 MP: 7/20
 33592 | Snake:4  | Got a serpentine rune of Zot
 34261 | Zig:1    | Entered Level 1 of a ziggurat
 34278 | Zig:2    | Entered Level 2 of a ziggurat
 34298 | Zig:3    | Entered Level 3 of a ziggurat
 34413 | Zig:4    | Entered Level 4 of a ziggurat
 34475 | Zig:5    | Entered Level 5 of a ziggurat
 34476 | Zig:5    | Noticed a shard shrike
 34484 | Zig:5    | HP: 2/258 [reaper/scythe of venom (16)]
 34486 | Zig:5    | Annihilated by a reaper

Vault maps used:
D:1:      scummos_arrival_forest, nemelex_diamond_rough_becter
D:2:      cheibriados_altar_1, serial_glass, glass_columns_b, glass_columns_a,
          glass_columns_a, minmay_tree_intersection, uniq_jessica, uniq_natasha
D:3:      grunt_temple_overflow_magic_moments
D:4:      gup_sewer_entry_bubbles, first_bread
D:6:      bloody_trog, corexii_checkpoint_a, kennysheep_generic_room_3
D:7:      temple_pool_b, basic_altar, serial_bayou, serial_bayou_pond_c,
          serial_bayou_crossing, serial_bayou_lagoon_a, serial_bayou_ford_a,
          uniq_menkaure, uniq_duvessa
D:8:      grunt_gozag_statues, grunt_dithmenos_smoke_and_mirrors, the_bakery,
          elyvilon_altar_5
D:9:      lemuel_doored_altar, uniq_erolcha
D:10:     hangedman_screamer, erik_lair_dragon, serial_shops, shop,
          grunt_ministairs_10, minmay_misc_feat_pillars
D:12:     zombieorc1_lemuel, minmay_diamond_spiral
D:13:     david_vaults_4
D:14:     kennysheep_pointless_box, serial_shops, shop,
          onia_ninara_dug_in_and_dangerous
D:15:     grunt_enter_depths_hoard, serial_bayou_pond_c
Lair:2:   tgw_fedhas
Lair:3:   elwin_shoals_entry_rooms, serial_bayou_shore_b
Lair:4:   grunt_forest_large_clearings, infiniplex_staircase_pool,
          grunt_megastairs_1, lemuel_fruit_tree
Lair:5:   nicolae_volcano_entry_hallway, kennysheep_snail_temple
Lair:6:   minmay_snake_entry_guardpost_small, serial_bayou_shore_b, uniq_nessos
Lair:7:   lemuel_oklob_altar, grunt_megastairs_4, uniq_maud
Lair:8:   grunt_lair_end_beastmaster, dpeg_slime_entry_enclosed_altar,
          bh_autumn_forest_stairs
Shoals:4: shoals_end_simple, shoals_ilsuiw_alternative
Snake:1:  serial_shops, nicolae_shop_crystal, grunt_ministairs_14
Snake:2:  st_stairs_1, spider_trap, grunt_megastairs_2
Snake:3:  serial_shops, shop, basic_altar, serial_bayou_pond_c, stair_cage_line,
          st_stairs_12
Snake:4:  snake_pit_salamanders_mu, serial_shops, nicolae_shop_trees, shop,
          nicolae_shop_window_shopping, nicolae_shop_trees, shop
Orc:1:    serial_shops, nicolae_shop_statue_plus
Orc:2:    st_orc_open, lab_entry_generic, kennysheep_orc_chapel, uniq_sonja
Depths:1: enter_ziggurat_c, hell_entry, hangedman_corner_corridor,
          firewood_loft, uniq_sojobo
Abyss:2:  minivault_11
Sewer:    kennysheep_door_sewer
Volcano:  volcano_pools

Skill      XL: |  1  2  3  4  5  6  7  8  9 10 11 12 13 14 15 16 17 18 19 |
---------------+----------------------------------------------------------+-----
Axes           | 3 4 5 6 7 9 11 12 13 14 15 16 17 18 20 22 | 22.9
Fighting       | 4 5 6 7 9 10 12 13 14 16 17 18 | 18.7
Armour         | 2 4 6 7 8 9 10 11 12 | 12.4
Dodging        | |  1.7

Action                   |  1- 3 |  4- 6 |  7- 9 | 10-12 | 13-15 | 16-18 | 19-21 || total
-------------------------+-------+-------+-------+-------+-------+-------+-------++-------
Melee: Hand axe          |    80 |   215 |   270 |       |       |       |       ||   565
       War axe           |       |       |    70 |   123 |     7 |       |       ||   200
       Battleaxe         |       |       |       |   475 |  1259 |   171 |       ||  1905
       Executioner's axe |       |       |       |       |       |   681 |   397 ||  1078
Invok: Berserk           |     3 |     5 |     8 |    15 |     6 |     6 |     4 ||    47
       Burn Spellbooks   |       |     1 |       |     4 |     7 |     2 |     2 ||    16
       Trog's Hand       |       |       |     3 |     5 |     4 |    12 |     3 ||    27
       Brothers in Arms  |       |       |       |     1 |     1 |     6 |     2 ||    10
Evoke: Wand              |       |       |     4 |     1 |     3 |    15 |       ||    23
  Use: Scroll            |       |       |       |    16 |    23 |     9 |     2 ||    50
       Potion            |       |       |       |       |     2 |     9 |     3 ||    14
 Stab: Sleeping          |     1 |       |       |       |       |       |       ||     1
       Distracted        |       |       |       |       |     1 |     2 |       ||     3
       Petrifying        |       |       |       |       |     1 |       |       ||     1
       Petrified         |       |       |       |       |     1 |       |       ||     1
       Paralysed         |       |       |       |       |     1 |       |       ||     1
  Eat: Chunk             |     3 |    11 |    10 |    11 |     2 |     6 |       ||    43
       Bread ration      |       |       |     2 |     1 |     5 |     8 |       ||    16
       Meat ration       |       |       |       |     5 |     7 |       |     4 ||    16
